Map: Terrasses de Prion

Players

BOBguldlosse

  • Race: Terran Terran
  • League: Diamond

Worming - Winner!

  • Race: Zerg Zerg
  • League: Diamond

VOD

Have the link to the VOD?

Description

Time

  • Played on: Dec. 13, 2015, 9:26 a.m.
  • Length: 15:25
Show
View Real Time Build Order
Export as new Build Order

BOBguldlosse Terran 

Build Orders: Command Center First (CC), Bio Tank 

Get SALT Encoding   

  12  0:01  SCV  
  13  0:13  SCV  
  14  0:17  Supply Depot  
  14  0:25  SCV  
  15  0:39  SCV  
  16  0:51  SCV  
  17  1:00  Command Center  
  18  1:04  SCV  
  18  1:14  Barracks  
  18  1:18  SCV  
  19  1:29  Refinery  
  19  1:30  SCV  
  20  1:35  Supply Depot  
  20  1:42  SCV  
  21  1:49  Barracks  
  21  2:00  Orbital Command  
  21  2:02  Marine  
  22  2:12  Orbital Command  
  22  2:22  Marine  
  23  2:26  Barracks  
  23  2:29  SCV  
  24  2:36  Marine  
  25  2:38  SCV  
  25  2:42  Marine  
  27  2:45  SCV  
  27  2:49  Barracks  
  28  2:53  Bunker  
  28  2:55  SCV  
  28  2:57  Marine  
  30  2:59  SCV  
  31  3:10  SCV  
  31  3:11  Marine  
  33  3:13  Barracks Tech Lab, Supply Depot  
  33  3:16  Barracks  
  33  3:18  Marine  
  34  3:20  SCV  
  34  3:25  Supply Depot  
  35  3:29  Marine, SCV  
  35  3:32  SCV  
  38  3:37  Marine x3  
  41  3:41  SCV  
  41  3:43  Combat Shields  
  41  3:45  SCV  
  43  3:52  Marine  
  43  3:53  SCV  
  45  3:55  Marine  
  45  3:56  Marine  
  45  3:57  SCV  
  45  4:00  Marine  
  49  4:04  Marine  
  49  4:06  SCV  
  49  4:09  SCV  
  52  4:10  Marine  
  52  4:13  Marine  
  52  4:14  Supply Depot, Marine  
  52  4:16  Supply Depot  
  55  4:21  SCV, Marauder  
  55  4:22  SCV, Marine  
  60  4:28  Marine  
  61  4:31  Marine  
  61  4:35  Marine  
  61  4:36  SCV x2  
  65  4:40  Marine  
  65  4:41  Marine  
  67  4:46  Marine  
  67  4:48  SCV  
  67  4:49  Marine  
  67  4:50  SCV  
  71  4:53  Marine  
  71  4:55  Command Center  
  71  4:58  Refinery x3, Marine  
  71  4:59  Marine  
  74  5:02  SCV  
  74  5:04  Marine  
  74  5:05  SCV  
  77  5:07  Marine  
  77  5:13  Marine  
  78  5:17  Marine x2  
  76  5:21  Marine  
  70  5:32  Marine x2  
  70  5:33  SCV x2  
  70  5:35  Marine x2  
  74  5:39  Marine  
  76  5:45  SCV x2  
  73  5:52  Marine x2  
  73  5:53  Marine x2  
  76  5:57  SCV x2  
  76  6:03  Barracks x2  
  78  6:07  Supply Depot x2, Marine  
  78  6:08  Supply Depot  
  78  6:09  SCV x2  
  78  6:10  Marine x2  
  83  6:17  Marine x2  
  76  6:20  Orbital Command  
  76  6:25  SCV x2, Marine  
  72  6:28  Marine x2  
  74  6:35  Factory, Marine x2  
  74  6:37  Factory  
  76  6:41  SCV x2  
  76  6:42  Marine  
  76  6:45  Marine  
  76  6:46  SCV, Marine  
  82  6:50  Supply Depot  
  82  6:51  Stimpack  
  82  6:52  Marine x2  
  82  6:53  Marine x2  
  86  6:56  Supply Depot  
  86  6:57  Engineering Bay, Supply Depot  
  86  6:58  Engineering Bay  
  86  7:00  Marine  
  87  7:03  Marine x2  
  87  7:08  Barracks  
  89  7:09  Orbital Command, Barracks, Supply Depot  
  89  7:10  Barracks, Marine x2  
  89  7:11  Marine x2  
  93  7:18  Marine  
  93  7:20  Factory Tech Lab  
  93  7:21  Supply Depot, Marine x2  
  93  7:22  Factory Tech Lab  
  96  7:28  Orbital Command, Marine x2  
  96  7:29  Marine x2  
  100  7:36  Marine  
  101  7:39  Marine  
  98  7:44  Marine  
  98  7:45  Marine  
  98  7:46  Siege Tank x2, Marine x3  
  109  7:54  Marine  
  109  7:55  SCV x3  
  109  7:57  Marine  
  114  8:05  Marine x5  
  116  8:07  SCV x2  
  121  8:12  Marine  
  121  8:14  Marine  
  121  8:18  Marine x3  
  129  8:23  Refinery, Marine x4  
  129  8:24  Refinery  
  129  8:25  Bunker  
  130  8:28  Starport  
  130  8:30  Starport  
  130  8:35  Marine  
  130  8:36  Marine x5  
  130  8:39  Siege Tank x2  
  130  8:40  Marine  
  130  8:41  Marine  
  144  8:43  Terran Infantry Armor Level 1  
  111  9:04  Marine x2  
  111  9:05  Marine x8  
  121  9:11  Siege Tank, SCV x2  
  118  9:22  Missile Turret x3, Marine x2  
  118  9:23  Marine x5  
  112  9:27  Missile Turret  
  112  9:28  Missile Turret x2  
  109  9:34  Marine  
  109  9:35  Marine x2  
  109  9:36  Medivac x2, Siege Tank  
  109  9:40  Marine x2, SCV x3  
  109  9:41  Marine x5  
  119  9:50  Missile Turret  
  119  9:52  Marine x2, SCV x3  
  123  9:53  Marine  
  123  9:58  Marine x2  
  127  10:04  SCV  
  127  10:06  Medivac  
  130  10:10  Marine x4  
  130  10:11  Marine x2  
  130  10:12  Medivac, Siege Tank x2  
  142  10:36  Medivac  
  142  10:37  Terran Infantry Weapons Level 1, Marine x5  
  149  10:46  Marine  
  149  10:47  Marine x4  
  154  10:52  Missile Turret  
  154  10:53  Missile Turret  
  154  10:54  Missile Turret  
  154  10:55  Missile Turret, Marine x3  
  157  11:01  Marine x2  
  150  11:04  Marine  
  85  11:27  Marine  
  85  11:28  Marine x9  
  85  11:29  Siege Tank  
  75  11:44  Medivac, Siege Tank  
  75  11:45  Marine x6  
  75  11:46  Marine x4  
  90  11:52  Armory  
  90  12:01  Siege Tank  
  90  12:03  Marine x8  
  90  12:08  SCV x2  
  102  12:14  Orbital Command, Marine  
  102  12:15  Marine  
  105  12:20  Marine, SCV x2  
  105  12:21  Marine  
  109  12:32  Missile Turret  
  109  12:34  Missile Turret x2  
  109  12:38  Marine  
  109  12:39  Marine x9  
  109  12:41  Terran Infantry Armor Level 2  
  119  12:50  SCV  
  119  12:51  SCV x2  
  122  12:56  Marine  
  122  12:57  Marine x7  
  123  13:03  SCV  
  124  13:07  Marine x2  
  124  13:08  Medivac, Siege Tank x2  
  124  13:09  Medivac  
  136  13:14  Marine x3  
  136  13:15  Marine  
  140  13:21  Marine x3  
  140  13:22  Marine  
  144  13:36  Bunker  
  144  13:38  Medivac  
  146  13:56  Marine  
  146  13:57  Marine x9  
  150  14:05  SCV  
  150  14:06  SCV x2  
  140  14:17  SCV  
  140  14:18  SCV x2  
  142  14:29  SCV  
  142  14:30  SCV x2  
  142  14:31  Marine x3  
  132  14:32  Marine x5  
  132  14:34  Marauder  
  141  14:41  SCV  
  141  14:42  SCV  
  141  14:45  Marine  
  142  14:48  Marine  
  142  14:49  Marine x2  
Show
View Real Time Build Order
Export as new Build Order

Worming Zerg - Winner!

Build Orders: Hatch First, Muta Ling Bane 

Get SALT Encoding   

  12  0:01  Drone  
  13  0:12  Overlord  
  13  0:17  Drone  
  14  0:31  Drone x2  
  14  0:35  Drone  
  17  0:51  Hatchery  
  17  0:54  Drone  
  17  0:57  Drone  
  18  1:10  Spawning Pool  
  17  1:14  Drone  
  17  1:18  Drone  
  19  1:27  Extractor  
  19  1:28  Drone  
  19  1:39  Overlord  
  19  1:51  Drone  
  20  1:57  Queen  
  22  2:02  Zergling x2  
  22  2:03  Queen  
  22  2:06  Drone  
  26  2:17  Drone x2  
  28  2:29  Metabolic Boost  
  28  2:31  Overlord  
  28  2:32  Queen  
  30  2:39  Drone x3  
  33  2:48  Drone x2  
  35  3:02  Drone  
  35  3:03  Drone  
  37  3:10  Hatchery  
  36  3:14  Drone x6  
  42  3:22  Drone, Evolution Chamber  
  42  3:24  Evolution Chamber  
  42  3:25  Drone  
  42  3:30  Zergling x2  
  42  3:41  Baneling Nest  
  41  3:42  Extractor  
  41  3:44  Drone x4  
  41  3:46  Overlord, Extractor  
  43  3:48  Zerg Melee Weapons Level 1  
  43  3:56  Extractor  
  43  3:57  Overlord x2  
  42  4:11  Drone x2  
  42  4:12  Overlord  
  42  4:13  Overlord  
  42  4:15  Zerg Ground Armor Level 1  
  44  4:17  Drone  
  44  4:18  Drone  
  46  4:32  Drone x3  
  46  4:33  Drone x3  
  52  4:42  Zergling x6  
  54  4:46  Spine Crawler  
  54  4:47  Zergling x6  
  56  4:56  Baneling  
  56  4:59  Zergling x10  
  61  5:01  Baneling x4  
  52  5:24  Zergling x16  
  58  5:32  Zergling x2  
  58  5:33  Zergling x2  
  56  5:47  Zergling x14  
  54  5:51  Baneling x6  
  54  5:52  Baneling, Zergling x4  
  55  5:57  Zergling x2  
  55  6:06  Zergling x6  
  55  6:09  Lair  
  57  6:13  Hatchery  
  51  6:41  Drone x10  
  51  6:45  Hatchery  
  59  6:58  Drone x5  
  64  7:07  Zerg Melee Weapons Level 2  
  64  7:08  Spire, Zerg Ground Armor Level 2  
  63  7:09  Centrifical Hooks  
  63  7:12  Overlord x2  
  63  7:14  Drone x3  
  66  7:24  Overlord, Extractor  
  66  7:25  Overlord  
  65  7:32  Drone x3  
  65  7:33  Drone x2  
  65  7:35  Queen x2, Extractor  
  72  7:48  Baneling, Zergling x12  
  78  7:54  Zergling x2  
  78  8:02  Zergling x16  
  82  8:09  Baneling  
  82  8:10  Baneling x10  
  82  8:21  Zergling x16  
  82  8:23  Zerg Flyer Weapons Level 1  
  82  8:26  Drone  
  91  8:34  Mutalisk x6  
  103  8:46  Overlord x2  
  103  8:47  Zergling x4  
  103  8:48  Zergling x4  
  107  8:49  Baneling x4  
  107  8:50  Baneling x3, Extractor  
  107  8:51  Zergling x2  
  107  8:52  Zergling x8  
  107  8:54  Extractor  
  97  9:03  Zergling x16  
  97  9:04  Zergling x6  
  97  9:07  Baneling x6  
  103  9:22  Zergling x12  
  103  9:23  Zergling x2  
  99  9:40  Drone x4  
  99  9:41  Drone x2  
  99  9:45  Zergling x6  
  108  9:54  Baneling x6, Infestation Pit, Zergling x2  
  108  9:55  Zergling x22  
  108  9:59  Hatchery  
  118  10:19  Burrow  
  116  10:37  Mutalisk  
  116  10:38  Mutalisk x5  
  116  10:41  Queen  
  132  10:43  Baneling  
  132  10:44  Baneling x10  
  132  10:46  Overlord  
  132  10:48  Pneumatized Carapace  
  132  10:51  Hive, Pathogen Glands  
  132  10:52  Zergling x2  
  132  10:53  Zergling x8  
  132  10:54  Overlord x7  
  113  11:15  Zergling x18  
  104  11:30  Zergling x18  
  104  11:31  Zergling x12  
  103  11:46  Drone x4  
  107  11:49  Baneling x9  
  107  11:50  Baneling x7  
  107  11:53  Zergling x6  
  107  11:54  Zergling x8  
  114  12:03  Zerg Ground Armor Level 3, Zerg Melee Weapons Level 3  
  114  12:04  Adrenal Glands  
  114  12:05  Ultralisk Cavern, Zerg Flyer Weapons Level 2  
  114  12:07  Zergling x4  
  114  12:08  Zergling x2  
  116  12:19  Zergling x2  
  116  12:20  Zergling x10  
  116  12:21  Spine Crawler  
  121  12:23  Zergling x2  
  121  12:24  Spore Crawler, Zergling x2  
  111  13:02  Zergling x10  
  111  13:03  Zergling x6  
  111  13:09  Chitinous Plating  
  111  13:21  Mutalisk x4  
  111  13:24  Ultralisk  
  111  13:25  Ultralisk x3  
  141  13:41  Zergling x24  
  153  14:02  Hatchery  
  140  14:08  Zergling x2, Ultralisk x2  
  140  14:09  Zergling x30  
  158  14:18  Baneling  
  158  14:19  Baneling x8  
  158  14:24  Mutalisk x6  
  154  14:33  Extractor  
  154  14:37  Extractor  
  151  14:53  Baneling x7  
  145  15:03  Zergling x36  
  145  15:04  Zergling x2  
Tags
 
Add a new tag
Caveats
  • Supply blocks, unpowered buildings, or Contaminate may cause inaccurate times.
  • Supply counts are checked every 10 seconds.